 Dungeon Crawl Stone Soup version 0.30-a0-722-g3e6e8c874d (webtiles) character file.

Game seed: 5267287255383285007

1688 browni3141 the Grappler (level 8, -1/80 HPs)
             Began as a Troll Berserker on Jan 27, 2023.
             Was an Elder of Trog.
             Slain by an orc
             ... wielding a +0 morningstar
              (10 damage)
             ... on level 5 of the Dungeon.
             The game lasted 00:04:50 (3885 turns).

browni3141 the Grappler (Troll Berserker)           Turns: 3885, Time: 00:04:51

Health: -1/80      AC:  6    Str: 28    XL:     8   Next: 71%
Magic:  7/7        EV:  6    Int:  3    God:    Trog [****..]
Gold:   216        SH:  0    Dex:  9    Spells: 7/7 levels left

rFire   . . .      SeeInvis .      - Unarmed
rCold   . . .      Faith    +    (no shield)
rNeg    . . .      Spirit   .    a - +0 animal skin
rPois   .          Reflect  .    b - +2 hat
rElec   .          Harm     .    (no cloak)
rCorr   +          Rampage  .    (gloves unavailable)
Will    ++...                    (boots unavailable)
Stlth   +                        n - amulet of faith
HPRegen 2.13/turn                d - ring of resist corrosion
MPRegen 0.10/turn                (no ring)

@: strong-willed, on berserk cooldown, held, regenerating, slowed, very slow
A: large, unfitting armour, claws 3, regeneration 1, shaggy fur 1, tough skin 1
a: Renounce Religion, Berserk, Trog's Hand, Brothers in Arms


You were on level 5 of the Dungeon.
You worshipped Trog.
Trog was greatly pleased with you.
You visited 1 branch of the dungeon, and saw 5 of its levels.

You collected 386 gold pieces.
You spent 170 gold pieces at shops.

Inventory:

Missiles
 i - 3 boomerangs (quivered)
 j - 4 large rocks
Armour
 a - a +0 animal skin (worn)
 b - a +2 hat (worn)
 q - a +0 kite shield
Jewellery
 d - a ring of resist corrosion (left claw)
 n - an amulet of faith (around neck)
 C - an amulet of the acrobat
Wands
 u - a wand of flame (21)
Scrolls
 c - 4 scrolls of teleportation {unknown}
 e - a scroll of enchant weapon {unknown}
 g - a scroll of blinking {unknown}
 k - 2 scrolls of identify {unknown}
 l - a scroll of silence {unknown}
 p - a scroll of fog {unknown}
 r - a scroll of poison {unknown}
 s - 2 scrolls of enchant armour {unknown}
 w - a scroll of immolation {unknown}
 y - a scroll of vulnerability {unknown}
 D - a scroll of summoning {unknown}
Potions
 f - a potion of flight {unknown}
 h - 3 potions of curing {unknown}
 m - 3 potions of attraction {unknown}
 o - a potion of invisibility {unknown}
 t - a potion of haste {unknown}
 v - 3 potions of brilliance {unknown}
 x - a potion of degeneration {unknown}
 z - 2 potions of heal wounds
 A - a potion of might
 B - a potion of mutation


   Skills:
 + Level 5.1 Fighting
 + Level 5.1 Dodging
 - Level 1.0 Stealth
 * Level 8.4 Unarmed Combat


You had 7 spell levels left.
You didn't know any spells.
Your spell library was empty.

Dungeon Overview and Level Annotations

Branches:
Dungeon (5/15)             Temple (0/1) D:5

Altars:
Gozag
Sif Muna
Trog

Shops:
D:5 *


Innate Abilities, Weirdness & Mutations

You are too large for most types of armour.
You have claws for hands.
Your natural rate of healing is unusually fast.
You are covered in fur. (AC +1)
You have tough skin. (AC +1)


Message History

You see here a +0 club.
A gnoll opens the door.
Your ogre goes berserk!
Trog will no longer gift you weapons.
The gnoll is no longer moving quickly.
The orc priest hits you but does no damage.
The orc priest mumbles some strange prayers to Beogh against you.
Beogh smites you!
The orc priest hits you but does no damage.
You mangle the orc priest!!
You kill the orc priest!
Trog accepts your kill.
The gnoll throws a throwing net.
The throwing net hits you.
You become entangled in the net!
Something hits your ogre. Something barely misses your ogre.
The gnoll hits your ogre with a +0 club.
Unknown command.
Your ogre hits the gnoll with a +0 giant club!!!
The gnoll dies!
Trog accepts your kill.
The centaur wields a +0 shortbow.
The centaur shoots an arrow.
The arrow hits your ogre!
Your ogre barely misses the centaur.
Something hits your ogre!
The centaur shoots an arrow.
The arrow hits your ogre!
Your ogre dies!
Your ogre's corpse disappears in a puff of smoke!
The centaur shoots an arrow.
The arrow hits you.
The orc priest invokes the aid of Beogh against you.
Beogh smites you!
* * * LOW HITPOINT WARNING * * *
Unknown command.
Your two-headed ogre goes berserk!
The orc hits you with a +0 morningstar!
* * * LOW HITPOINT WARNING * * *
The orc completely misses you.
Your skin crawls.
You feel strong-willed.
The orc priest casts a cantrip, but nothing happens.
The orc hits you with a +0 morningstar!
You die...

###..##..########..##
###..##..########..##
..#...#..+....#.....#
..+...#..#....'.....#
#######.###+###.....#
.###.##)###..##...###
..#..........##...#
..#.............O.#
..#.............@)#
#.##########+####o#
#.### ##.###>o##
#...# ....wo.w.#
'...# ....o....#
#...# .........#
#...+ .....>...+
#...# .........#
##### .#.......#


You could see a worm, an orc priest, an orc (ally target) and a friendly
two-headed ogre (summoned, berserk).

Vanquished Creatures
  Pikel (D:4)
  Grinder (D:3)
  A water moccasin (D:5)
  Duvessa (D:5)
  2 phantoms
  A scorpion (D:5)
  Dowan (D:5)
  A jelly (D:5)
  A gnoll bouda (D:5)
  An orc priest (D:5)
  4 orc wizards
  15 gnolls
  5 adders
  A white imp (D:5)
  An ufetubus (D:4)
  A worm (D:2)
  3 dart slugs
  9 orcs
  8 endoplasms
  2 giant cockroaches
  29 hobgoblins
  4 jackals (D:5)
  2 quokkas (D:4)
  7 ball pythons
  3 bats (D:2)
  5 frilled lizards
  32 goblins
  10 kobolds
  4 rats (D:2)
156 creatures vanquished.

Vanquished Creatures (collateral kills)
  A gnoll (D:5)
1 creature vanquished.

Vanquished Creatures (others)
  A goblin (D:3)
1 creature vanquished.

Grand Total: 158 creatures vanquished

Notes
Turn   | Place    | Note
-------+----------+-------------------------------------------
     0 | D:1      | browni3141 the Troll Berserker began the quest for the Orb.
     0 | D:1      | Reached XP level 1. HP: 22/22 MP: 0/0
   112 | D:1      | You fall into a shaft and drop 1 floor!
   293 | D:2      | Reached skill level 1 in Stealth
   293 | D:2      | Reached XP level 2. HP: 29/29 MP: 1/1
   410 | D:2      | Reached XP level 3. HP: 36/36 MP: 2/2
  1882 | D:3      | Reached ** piety under Trog
  2089 | D:3      | Reached XP level 4. HP: 44/44 MP: 3/3
  2185 | D:3      | Reached skill level 4 in Unarmed Combat
  2188 | D:3      | Noticed a phantom
  2197 | D:3      | Killed a phantom
  2198 | D:3      | Reached XP level 5. HP: 53/53 MP: 4/4
  2324 | D:3      | Reached *** piety under Trog
  2348 | D:3      | Reached skill level 5 in Unarmed Combat
  2360 | D:3      | Reached XP level 6. HP: 52/61 MP: 5/5
  2482 | D:3      | Noticed Grinder
  2492 | D:3      | Killed Grinder
  2493 | D:3      | Reached XP level 7. HP: 68/68 MP: 6/6
  2520 | D:3      | Reached skill level 6 in Unarmed Combat
  2559 | D:3      | Reached **** piety under Trog
  2785 | D:4      | Noticed Pikel
  2799 | D:4      | Killed Pikel
  2800 | D:4      | Reached skill level 7 in Unarmed Combat
  2800 | D:4      | Reached XP level 8. HP: 79/79 MP: 7/7
  3219 | D:4      | Found an opulent altar of Gozag.
  3466 | D:5      | Entered Level 5 of the Dungeon
  3481 | D:5      | Found Toihothi's General Store.
  3502 | D:5      | Bought a potion of might for 40 gold pieces
  3502 | D:5      | Bought a potion of heal wounds for 50 gold pieces
  3502 | D:5      | Bought a potion of mutation for 80 gold pieces
  3543 | D:5      | Found a staircase to the Ecumenical Temple.
  3590 | D:5      | Reached ***** piety under Trog
  3730 | D:5      | Found a shimmering blue altar of Sif Muna.
  3730 | D:5      | Noticed Dowan
  3740 | D:5      | Found a bloodstained altar of Trog.
  3740 | D:5      | Noticed Duvessa
  3744 | D:5      | Killed Dowan
  3745 | D:5      | Reached skill level 8 in Unarmed Combat
  3749 | D:5      | Killed Duvessa
  3750 | D:5      | Reached skill level 5 in Fighting
  3750 | D:5      | Reached skill level 5 in Dodging
  3885 | D:5      | Slain by an orc

Illustrated notes

Levels and vault maps discovered:
D:1:      nzn_arrival_settlement, layout_basic
D:2:      minmay_alternating_diamond, layout_loops_ring, nicolae_hexahallways,
          hangedman_decor_points, roderic_lattice_a,
          chequers_serial_rivers_small_a
D:3:      minmay_goblin_kobold_castle, layout_rooms, hangedman_decor_push,
          uniq_grinder
D:4:      layout_loops_ring, nicolae_gozag_cash_rules_everything_around_me,
          uniq_pikel
D:5:      layout_gridville, nzn_overflow_gifts_of_might_and_magic,
          minmay_temple_entry_slanted, serial_shops, shop_coins

Skill      XL: |  1  2  3  4  5  6  7  8 |
---------------+-------------------------+-----
Stealth        | 1 |  1.0
Unarmed Combat | 4 5 7 8 |  8.4
Fighting       | 3 4 5 |  5.1
Dodging        | 3 4 5 |  5.1

Action                     |  1- 3 |  4- 6 |  7- 9 || total
---------------------------+-------+-------+-------++-------
  Melee: Unarmed           |   114 |    95 |   201 ||   410
         Punch             |     3 |     2 |    10 ||    15
  Throw: Boomerang         |       |     2 |       ||     2
 Invoke: Berserk           |       |     3 |     3 ||     6
         Trog's Hand       |       |     1 |     1 ||     2
         Brothers in Arms  |       |       |     2 ||     2
   Stab: Sleeping          |     2 |       |     1 ||     3
 Armour: Animal skin       |    54 |    53 |    98 ||   205
  Dodge: Dodged            |    65 |    62 |   107 ||   234

Table legend: (Time is in decaauts)
 A = Elapsed time spent in this place.
 B = Non-inter-level travel time spent in this place.
 C = Inter-level travel time spent in this place.
 D = Time resting spent in this place.
 E = Time spent auto-exploring this place.
 F = Levels seen in this place.
 G = Mean time per level.
                   A        B        C        D        E       F      G
               +--------+--------+--------+--------+--------+-----+--------+
         Total |   3873 |   3624 |    249 |     65 |   2773 |   5 |  774.6 |
       Dungeon |   3873 |   3624 |    249 |     65 |   2773 |   5 |  774.6 |
               +--------+--------+--------+--------+--------+-----+--------+

Top non-repeatable levels by time:
     D:2: 1102 daAuts
     D:3: 927 daAuts
     D:1: 729 daAuts
     D:4: 695 daAuts
     D:5: 417 daAuts
